 Dungeon Crawl Stone Soup version 0.26.1-10-gdfb7c7de75 (webtiles) character file.

Game seed: 5816036078289882119

235 Descartes the Sneak (level 5, -1/22 HPs)
             Began as a Felid Warper on Apr 10, 2021.
             Slain by a scorpion (10 damage)
             ... on level 4 of the Dungeon on Apr 11, 2021.
             The game lasted 00:10:26 (5062 turns).

Descartes the Sneak (Felid Warper)                  Turns: 5062, Time: 00:10:27

Health: -1/22      AC:  1    Str:  8    XL:     5   Next: 76%
Magic:  9/9        EV: 26    Int: 14    God:
Gold:   232        SH:  0    Dex: 22    Spells: 6/8 levels left
                                        Lives:  0   Deaths: 1

rFire    . . .     SeeInvis +     - Unarmed
rCold    . . .     Faith    .   (shield unavailable)
rNeg     . . .     Spirit   .   (armour unavailable)
rPois    .         Reflect  .   (helmet unavailable)
rElec    .         Harm     .   (cloak unavailable)
rCorr    .         Rampage  .   (gloves unavailable)
Will     .....                  (boots unavailable)
Stlth    ++++......             (no amulet)
HPRegen  0.07/turn              i - +6 ring of dexterity
MPRegen  0.11/turn              h - +4 ring of evasion

@: quick
A: very small, no armour, no weapons or thrown items, stealth, claws 1, fangs 3,
see invisible, speed 1, shaggy fur 1, sharp paws
a: no special abilities


You were on level 4 of the Dungeon.
You visited 1 branch of the dungeon, and saw 4 of its levels.

You collected 232 gold pieces.

Inventory:

Missiles
 a - 85 arrows
Jewellery
 f - an uncursed ring of stealth
 h - a +4 ring of evasion (right paw)
 i - a +6 ring of dexterity (left paw)
 n - an uncursed ring of positive energy
 s - an uncursed ring of resist corrosion
 v - an uncursed ring of poison resistance {unknown}
Wands
 t - a wand of disintegration (10)
Scrolls
 b - a scroll of blinking
 c - 5 scrolls of identify {unknown}
 d - a scroll of fog {unknown}
 g - 4 scrolls of teleportation {unknown}
 j - 2 scrolls of amnesia {unknown}
 m - 2 scrolls of remove curse {unknown}
 u - a scroll of noise {unknown}
 w - a scroll of enchant weapon {unknown}
Potions
 e - 3 potions of curing
 k - a potion of brilliance {unknown}
 l - a potion of attraction {unknown}
 o - a potion of mutation {unknown}
 p - a potion of flight {unknown}
 q - a potion of heal wounds {unknown}
 r - 2 potions of magic {unknown}


   Skills:
 - Level 2.0 Fighting
 + Level 5.3 Dodging
 * Level 6.5 Stealth
 + Level 3.4 Unarmed Combat
 - Level 2.0 Spellcasting
 - Level 4.4 Translocations


You had 6 spell levels left.
You knew the following spells:

 Your Spells              Type           Power        Failure   Level
a - Blink                 Tloc           N/A          6%          2

Your spell library contained the following spells:

 Spells                   Type           Power        Failure   Level
 Gell's Gravitas          Tloc           6%           12%         3
 Lesser Beckoning         Tloc           6%           12%         3
 Teleport Other           Tloc           13%          12%         3
 Passage of Golubria      Tloc           N/A          36%         4


Dungeon Overview and Level Annotations

Branches:
Dungeon (4/15)
 Temple: D:4-7

Altars:
Wu Jian
Yredelemnul
Zin


Innate Abilities, Weirdness & Mutations

You cannot wear armour.
You are incapable of wielding weapons or throwing items.
Your paws allow you to move quietly. (Stealth)
You have sharp claws.
You have razor-sharp teeth.
You have supernaturally acute eyesight. (SInv)
You cover ground quickly.
You are covered in fur. (AC +1)
Your sharp claws are effective at attacking unaware monsters.


Message History

You bite the scorpion, but do no damage.
The scorpion is severely wounded.
The scorpion closely misses you.
It was a potion of curing.
You feel better. The scorpion misses you.
You barely miss the scorpion.
You bite the scorpion, but do no damage.
The scorpion is severely wounded.
The scorpion completely misses you.
You scratch the scorpion.
The scorpion is almost dead.
The scorpion misses you.
You scratch the scorpion.
The scorpion is almost dead.
You barely miss the scorpion.
The scorpion is almost dead.
The scorpion misses you.
You scratch the scorpion but do no damage.
The scorpion is almost dead.
The scorpion stings you!
You die...

###.#######.......
#........##.......
#...[....##.##...#
######........##....#.#
#.............####..#.#
#......................
#........?............#
#.....................#
#....s@.....#.#.......#
#.........###.###(....#
#.........# #.# #.....#
#......(.## #.# ##....#
########.# ._. ###..
#.# ...# ... ####


You could see a scorpion.

Vanquished Creatures
  A phantom (D:3)
  A bullfrog (D:3)
  Terence (D:2)
  An orc wizard (D:4)
  A gnoll (D:3)
  2 adders
  2 worms
  3 dart slugs
  2 leopard geckos (D:1)
  8 orcs
  A ball python (D:1)
  6 bats
  5 giant cockroaches
  7 hobgoblins
  10 jackals
  4 frilled lizards
  9 goblins
  10 kobolds
  10 rats
84 creatures vanquished.

Notes
Turn   | Place    | Note
-------+----------+-------------------------------------------
     0 | D:1      | Descartes the Felid Warper began the quest for the Orb.
     0 | D:1      | Reached XP level 1. HP: 9/9 MP: 4/4
   127 | D:1      | Reached skill level 1 in Stealth
   293 | D:1      | Reached skill level 2 in Stealth
   293 | D:1      | Reached XP level 2. HP: 8/13 MP: 6/6
   669 | D:1      | Learned a level 2 spell: Blink
   686 | D:1      | Reached skill level 3 in Stealth
  1088 | D:1      | Reached XP level 3. HP: 16/16 MP: 7/7
  1439 | D:2      | Found a glowing silver altar of Zin.
  1439 | D:2      | Noticed an angel
  2006 | D:2      | Noticed Terence
  2019 | D:2      | Killed Terence
  2020 | D:2      | Reached skill level 4 in Stealth
  2020 | D:2      | Reached XP level 4. HP: 13/19 MP: 8/8
  3196 | D:3      | Found a basalt altar of Yredelemnul.
  3261 | D:4      | Noticed a bullfrog
  3280 | D:3      | Killed a bullfrog
  3281 | D:3      | Reached skill level 5 in Stealth
  3281 | D:3      | Reached XP level 5. HP: 9/22 MP: 9/9
  3858 | D:4      | Killed from afar by an orc wizard
  3859 | D:4      | Reached XP level 4. HP: -2/19 MP: 8/8
  3913 | D:4      | Noticed a phantom
  4163 | D:3      | Killed a phantom
  4164 | D:3      | Reached skill level 5 in Dodging
  4164 | D:3      | Reached skill level 6 in Stealth
  4164 | D:3      | Reached XP level 5. HP: 8/22 MP: 9/9
  4361 | D:4      | Noticed a phantom
  5036 | D:4      | Found an ornate altar of the Wu Jian Council.
  5052 | D:4      | HP: 1/22 [scorpion (7)]
  5062 | D:4      | Slain by a scorpion

Illustrated notes

Levels and vault maps discovered:
D:1:      dpeg_arrival_houses_and_road, layout_basic
D:2:      layout_basic, zin_angel, uniq_terence
D:3:      layout_rooms, general_overflow_altar, st_stairs_14,
          minmay_goblin_outpost
D:4:      layout_basic, pdpol_wu_jian_five_deadly_venoms

Skill      XL: |  1  2  3  4 |
---------------+-------------+-----
Stealth        | 2 3 4 6 |  6.5
Dodging        | 4 5 |  5.3
Unarmed Combat | 3 |  3.4
Fighting       | |  2.0
Spellcasting   | |  2.0
Translocations | |  4.4

Action                   |  1- 3 |  4- 6 || total
-------------------------+-------+-------++-------
Melee: Unarmed           |   173 |   225 ||   398
       Bite              |    12 |    29 ||    41
       Punch             |     5 |     3 ||     8
 Cast: Blink             |       |     4 ||     4
  Use: Potion            |       |     1 ||     1
 Stab: Sleeping          |     7 |     3 ||    10
Armor: Skin              |    17 |     2 ||    19
Dodge: Dodged            |   212 |   193 ||   405
